AoeStats
← Jan Itor

Arena

509346092Analyzed
4v4 RM · 6d ago on Sep 26, 2026· 39m 35s· 8 players
Game mode
Random Map
Map size
Large (8 player)
Population
200
Speed
Normal
Resources
Standard
Victory
Conquest
Starting age
Dark Age
Ending age
Imperial Age
RankedLock teamsTeams togetherTeam positionsShared explorationLock speedFull tech treeHidden civsTurbo modeCheats
Victory
Defeat
🇦🇷 Bohemians · Argentina
1642
+19
🇨🇳 Burgundians · China
1615
+20
🇸🇬 Wu · Singapore
1598
+20
🇨🇳 Turks · China
1596
+21
🇩🇪 Danes · Germany
1789
-24
🇳🇱 Hindustanis · Netherlands
1745
-22
🇨🇳 Varangians · China
1700
-20
🇨🇳 Spanish · China
1564
-14
Rodney McKay
10:35 Feudal Age
11:34 Double-Bit Axe
11:42 Horse Collar
14:28 Castle Age
15:35 Bow Saw
15:26 Heavy Plow
20:15 Gold Mining
21:31 Wheelbarrow
21:41 Loom
22:12 Town Watch
27:28 Imperial Age
25:27 Scale Barding Armor
26:27 Forging
27:16 Bloodlines
27:26 Grand Trunk Road
27:38 Heavy Camel Rider
29:39 Chemistry
29:09 Conscription
29:40 Padded Archer Armor
33:33 Coinage
33:08 Shatagni
34:02 Leather Archer Armor
33:38 Fletching
35:09 Banking
35:36 Ring Archer Armor
35:14 Siege Engineers
35:19 Masonry
36:11 Ballistics
36:51 Gold Shaft Mining
36:08 Stone Mining
37:17 Chain Barding Armor
37:32 Iron Casting
37:23 Light Cavalry
38:04 Husbandry
39:21 Hoardings
39:31 Caravan
半半年没打了
9:58 Feudal Age
14:25 Castle Age
12:23 Double-Bit Axe
12:42 Horse Collar
14:31 Light Cavalry
15:57 Bow Saw
19:30 Heavy Plow
21:25 Wheelbarrow
22:40 Hand Cart
23:40 Scale Barding Armor
28:33 Loom
28:34 Town Watch
36:55 Imperial Age
36:18 Gold Mining
36:18 Stone Mining
37:01 Scale Mail Armor
37:11 Forging
37:19 Man-at-Arms
37:59 Squires
37:45 Gambesons
38:03 Long Swordsman
39:00 Chain Mail Armor
39:20 Iron Casting
39:04 Two-Handed Swordsman
40:16 Plate Mail Armor
tim.13
10:53 Feudal Age
14:53 Castle Age
12:58 Double-Bit Axe
13:34 Horse Collar
16:18 Wheelbarrow
25:15 Stone Mining
25:38 Bow Saw
25:57 Atonement
26:18 Sanctity
26:40 Fervor
27:59 Gold Mining
29:45 Loom
31:10 Fletching
31:41 Redemption
32:10 Bodkin Arrow
36:09 Imperial Age
34:22 Inquisition
37:57 Onager
40:02 Two-Man Saw
Jan Itor
11:47 Feudal Age
12:19 Horse Collar
12:31 Double-Bit Axe
15:19 Castle Age
16:47 Bow Saw
16:47 Heavy Plow
17:08 Light Cavalry
24:07 Wheelbarrow
28:05 Imperial Age
26:40 Scale Mail Armor
26:33 Gold Mining
26:29 Loom
27:00 Hand Cart
27:22 Forging
27:29 Devotion
27:35 Fletching
28:56 Ballistics
28:13 Cranequins
28:58 Thumb Ring
28:49 Bodkin Arrow
28:57 Husbandry
29:26 Conscription
29:19 Padded Archer Armor
30:28 Chemistry
30:10 Bracer
30:21 Heavy Mounted Crossbowman
32:01 Leather Archer Armor
32:43 Gold Shaft Mining
32:44 Bloodlines
34:38 Capped Ram
38:47 Ring Archer Armor
Backspace
1:04 Loom
5:00 Double-Bit Axe
7:09 Horse Collar
11:19 Feudal Age
12:48 Bow Saw
15:15 Castle Age
15:17 Light Cavalry
17:22 Wheelbarrow
18:10 Two-Man Saw
23:33 Hand Cart
23:50 Loom
24:31 Gold Mining
26:02 Loom
28:49 Imperial Age
27:34 Gold Shaft Mining
27:16 Scale Mail Armor
28:00 Squires
29:02 Chain Mail Armor
29:43 Forging
29:05 Capped Ram
32:11 Padded Archer Armor
32:53 Scale Barding Armor
34:27 Plate Mail Armor
34:39 Chain Barding Armor
34:21 Cavalier
35:01 Husbandry
36:38 Iron Casting
36:30 Conscription
36:18 Paladin
38:07 Plate Barding Armor
37:56 Stone Mining
巨大豚
10:00 Feudal Age
13:44 Castle Age
12:28 Double-Bit Axe
14:48 Bow Saw
16:01 Town Watch
16:45 Sanctity
17:00 Fervor
19:31 Loom
22:38 Atonement
25:14 Redemption
25:37 Horse Collar
30:47 Imperial Age
29:11 Wheelbarrow
30:39 Chemistry
30:04 Heavy Plow
30:09 Pikeman
30:49 Squires
30:38 Elite Skirmisher
32:45 Block Printing
33:19 Theocracy
32:39 Fletching
32:50 Padded Archer Armor
33:11 Bombard Tower
33:17 Ballistics
34:46 Bodkin Arrow
35:29 Bracer
36:47 Hand Cart
38:53 Leather Archer Armor
Arietta Fine
11:03 Feudal Age
14:54 Castle Age
12:49 Double-Bit Axe
12:45 Horse Collar
15:01 Loom
17:10 Bow Saw
16:52 Gold Mining
19:23 Fletching
22:35 Red Cliffs Tactics
23:14 Bodkin Arrow
34:57 Imperial Age
36:18 Bracer
36:19 Padded Archer Armor
36:52 Conscription
37:12 Conscription
38:31 Chemistry
37:51 Ballistics
37:47 Stone Mining
37:56 Elite Fire Archer
39:17 Ballistics
39:20 Leather Archer Armor
帝三鲜
10:55 Feudal Age
11:54 Double-Bit Axe
14:29 Castle Age
12:16 Horse Collar
20:40 Gold Mining
21:50 Bow Saw
22:28 Wheelbarrow
27:25 Imperial Age
24:58 Fletching
25:08 Padded Archer Armor
25:57 Hand Cart
25:28 Loom
26:59 Sipahi
26:53 Bodkin Arrow
27:14 Leather Archer Armor
27:31 Thumb Ring
27:41 Bloodlines
27:31 Husbandry
28:16 Bracer
28:45 Parthian Tactics
28:58 Ballistics
29:27 Ring Archer Armor
29:49 Heavy Plow
31:38 Artillery
31:59 Conscription
32:28 Husbandry
32:51 Heavy Cavalry Archer
36:20 Town Watch
36:47 Guilds
36:55 Treadmill Crane
38:22 Hoardings
38:50 Scale Barding Armor
38:56 Forging
38:51 Scale Barding Armor
40:33 Chain Barding Armor
Connection lost

Rejoining the realm…

Still unreachable

The connection could not be restored.

Session expired

The server has moved on; the page needs a fresh start.